 Dungeon Crawl Stone Soup version 0.30-a0-187-gd9c2deaf24 (webtiles) character file.

Game seed: 6941996884443116243

637 Iusername the Covered (level 7, -3/61 HPs)
             Began as a Minotaur Fighter on Oct 3, 2022.
             Slain by an ogre
             ... wielding a +0 giant spiked club
              (12 damage)
             ... on level 5 of the Dungeon.
             The game lasted 00:03:29 (4642 turns).

Iusername the Covered (Minotaur Fighter)            Turns: 4642, Time: 00:03:30

Health: -3/61      AC:  7    Str: 22    XL:     7   Next: 25%
Magic:  6/6        EV: 10    Int:  5    God:
Gold:   209        SH:  5    Dex: 10    Spells: 6/6 levels left

rFire   . . .      SeeInvis .    a - +0 long sword
rCold   . . .      Faith    .    c - +0 buckler
rNeg    . . .      Spirit   .    b - +0 scale mail
rPois   .          Reflect  .    (helmet restricted)
rElec   .          Harm     .    (no cloak)
rCorr   .          Rampage  .    (no gloves)
Will    .....                    (no boots)
Stlth   ..........               (no amulet)
HPRegen 0.30/turn                (no ring)
MPRegen 0.10/turn                (no ring)

@: no status effects
A: horns 2, retaliatory headbutt
a: no special abilities


You were on level 5 of the Dungeon.
You visited 1 branch of the dungeon, and saw 5 of its levels.

You collected 209 gold pieces.

Inventory:

Hand Weapons
 a - a +0 long sword (weapon)
Armour
 b - a +0 scale mail (worn)
 c - a +0 buckler (worn)
Jewellery
 v - a +6 ring of dexterity
Wands
 r - a wand of polymorph (5)
Scrolls
 e - 2 scrolls of brand weapon {unknown}
 g - a scroll of vulnerability {unknown}
 i - a scroll of amnesia {unknown}
 k - 3 scrolls of teleportation {unknown}
 m - a scroll of torment {unknown}
 o - 4 scrolls of identify {unknown}
 w - a scroll of butterflies {unknown}
 x - 2 scrolls of enchant armour {unknown}
 y - 2 scrolls of fear {unknown}
Potions
 d - a potion of might
 f - 2 potions of ambrosia {unknown}
 h - a potion of mutation {unknown}
 j - 2 potions of cancellation {unknown}
 l - a potion of brilliance {unknown}
 n - a potion of berserk rage {unknown}
 p - 2 potions of flight {unknown}
 q - 3 potions of curing {unknown}
 s - 2 potions of haste {unknown}
 t - 4 potions of heal wounds {unknown}
 u - 2 potions of resistance {unknown}


   Skills:
 + Level 5.1 Fighting
 + Level 5.6 Long Blades
 + Level 5.7 Armour
 + Level 2.0 Dodging
 + Level 0.5 Stealth
 + Level 5.6 Shields
 + Level 0.2 Unarmed Combat


You had 6 spell levels left.
You didn't know any spells.
Your spell library was empty.

Dungeon Overview and Level Annotations

Branches:
Dungeon (5/15)
 Temple: D:4-7

Altars:
Dithmenos
Okawaru
Ru
Uskayaw


Innate Abilities, Weirdness & Mutations

You have a pair of horns on your head.
You reflexively headbutt those who attack you in melee.


Message History

A jelly is nearby!
The jelly hits you.
You are splashed with acid!
A jelly is nearby!
You hit the jelly.
Your hands burn!
You headbutt the jelly.
The jelly is lightly wounded.
The jelly hits you but does no damage.
A jelly is nearby!
You hit the jelly.
Your hands burn!
You headbutt the jelly!
You kill the jelly!
HP restored.
q - 3 purple potions (gained 1)
An ogre comes into view. It is wielding a +0 giant spiked club.
The ogre shouts!
The ogre moves out of view.
No target in view!
Found a scroll labelled COJ PAMPEAC.
The ogre misses you.
An ogre is nearby!
An ogre is nearby!
You barely miss the ogre.
An ogre is nearby!
You hit the ogre.
The ogre is lightly wounded.
The ogre hits you with a +0 giant spiked club!!
Ouch! That really hurt!
An ogre is nearby!
You are too injured to fight recklessly!
An ogre is nearby!
You are too injured to fight recklessly!
An ogre is nearby!
You hit the ogre. You headbutt the ogre!
The ogre is severely wounded.
The ogre hits you with a +0 giant spiked club!!
* * * LOW HITPOINT WARNING * * *
You hit the ogre but do no damage.
The ogre is severely wounded.
The ogre misses you.
You completely miss the ogre. You headbutt the ogre.
The ogre is severely wounded.
The ogre hits you with a +0 giant spiked club!
You die...

### #.. #.#
################# #.#
#...............# #.#
#...............# #.#
#.....O@........# #.#
###...##........######.#
#8... #........+.......
##... #........####.###
#.?. #........# #.# #...
######'######.# 8...
#........# ##...
##.......#
8###8#.......#


You could see an ogre.

Vanquished Creatures
  An ogre (D:4)
  2 phantoms
  A scorpion (D:4)
  A hound (D:5)
  A jelly (D:5)
  Jessica (D:2)
  An iguana (D:4)
  Natasha (thrice) (D:2)
  2 orc wizards
  3 adders
  4 worms
  A dart slug (D:1)
  9 orcs
  5 ball pythons
  9 bats
  8 endoplasms
  2 giant cockroaches (D:3)
  8 goblins
  3 hobgoblins
  2 jackals (D:1)
  2 quokkas
  7 frilled lizards
  4 kobolds
  5 rats
85 creatures vanquished.

Vanquished Creatures (others)
  5 fungi (D:2)
  5 plants (D:2)
10 creatures vanquished.

Grand Total: 95 creatures vanquished

Notes
Turn   | Place    | Note
-------+----------+-------------------------------------------
     0 | D:1      | Iusername the Minotaur Fighter began the quest for the Orb.
     0 | D:1      | Reached XP level 1. HP: 19/19 MP: 0/0
    97 | D:1      | Reached XP level 2. HP: 16/27 MP: 1/1
  1100 | D:2      | Reached XP level 3. HP: 22/33 MP: 2/2
  1187 | D:2      | Noticed Natasha
  1196 | D:2      | Killed Natasha
  1496 | D:2      | Reached XP level 4. HP: 35/40 MP: 3/3
  1780 | D:2      | Noticed Natasha
  1787 | D:2      | Killed Natasha
  1900 | D:2      | Found a faded altar of an unknown god.
  1927 | D:2      | Noticed Jessica
  1931 | D:2      | Killed Jessica
  1932 | D:2      | Reached skill level 1 in Dodging
  1940 | D:2      | Noticed Natasha
  1948 | D:2      | Killed Natasha
  1949 | D:2      | Reached XP level 5. HP: 30/47 MP: 4/4
  2424 | D:3      | Noticed a phantom
  2442 | D:3      | Killed a phantom
  2443 | D:3      | Reached skill level 5 in Armour
  2578 | D:3      | Reached XP level 6. HP: 40/53 MP: 5/5
  3137 | D:3      | Found an iron altar of Okawaru.
  3137 | D:3      | Found a sacrificial altar of Ru.
  3369 | D:4      | Reached skill level 5 in Long Blades
  3734 | D:4      | Found a shadowy altar of Dithmenos.
  3792 | D:4      | Reached skill level 5 in Fighting
  4074 | D:4      | Reached skill level 5 in Shields
  4074 | D:4      | Reached XP level 7. HP: 49/61 MP: 6/6
  4147 | D:4      | Found a hide-covered altar of Uskayaw.
  4533 | D:5      | Entered Level 5 of the Dungeon
  4642 | D:5      | Slain by an ogre

Illustrated notes

Levels and vault maps discovered:
D:1:      saegor_arrival_simple_c, layout_basic, minmay_close_crescents
D:2:      layout_basic, dreamdust_ecumenical_altar_hidden_monk_grotto,
          uniq_jessica, uniq_natasha
D:3:      layout_basic, nicolae_overflow_two_pavilions
D:4:      layout_loops_ring, overflow_temple_1_default,
          grunt_dithmenos_smoke_and_mirrors
D:5:      layout_basic, serial_corexii_hall, corexii_hall_statues_x,
          chequers_hall_statues_wall_a

Skill      XL: |  1  2  3  4  5  6  7 |
---------------+----------------------+-----
Fighting       | 4 5 |  5.1
Shields        | 4 5 |  5.6
Armour         | 4 5 |  5.7
Long Blades    | 3 4 5 |  5.6
Dodging        | 1 2 |  2.0
Stealth        | |  0.5
Unarmed Combat | |  0.2

Action                   |  1- 3 |  4- 6 |  7- 9 || total
-------------------------+-------+-------+-------++-------
Melee: Long sword        |    77 |   161 |    16 ||   254
       Headbutt          |     8 |    23 |     8 ||    39
       Unarmed           |       |     3 |       ||     3
Armor: Scale mail        |    57 |    55 |     6 ||   118
Dodge: Dodged            |    40 |    51 |     7 ||    98
Block: Buckler           |    29 |    23 |       ||    52

Table legend: (Time is in decaauts)
 A = Elapsed time spent in this place.
 B = Non-inter-level travel time spent in this place.
 C = Inter-level travel time spent in this place.
 D = Time resting spent in this place.
 E = Time spent auto-exploring this place.
 F = Levels seen in this place.
 G = Mean time per level.
                   A        B        C        D        E       F      G
               +--------+--------+--------+--------+--------+-----+--------+
         Total |   4702 |   4494 |    208 |    838 |   3046 |   5 |  940.4 |
       Dungeon |   4702 |   4494 |    208 |    838 |   3046 |   5 |  940.4 |
               +--------+--------+--------+--------+--------+-----+--------+

Top non-repeatable levels by time:
     D:2: 1313 daAuts
     D:4: 1243 daAuts
     D:1: 1061 daAuts
     D:3: 973 daAuts
     D:5: 110 daAuts
